 Dungeon Crawl Stone Soup version 0.31-a0-466-g98c9adc2b6 (webtiles) character file.

Game seed: 14883543767323467251

45 Anon1729 the Trooper (level 3, -2/33 HPs)
             Began as a Minotaur Monk on Aug 5, 2023.
             Killed by divine providence
             ... invoked by an orc priest
              (13 damage)
             ... on level 3 of the Dungeon.
             The game lasted 00:00:29 (1509 turns).

Anon1729 the Trooper (Minotaur Monk)                Turns: 1509, Time: 00:00:30

Health: -2/33      AC:  2    Str: 15    XL:     3   Next: 42%
Magic:  2/2        EV: 13    Int:  7    God:
Gold:   67         SH:  0    Dex: 14    Spells: 2/2 levels left

rFire   . . .        u - +0 short sword (venom)
rCold   . . .        d - orb {light}
rNeg    . . .        b - +0 robe
rPois   .            (helmet restricted)
rElec   .            (no cloak)
rCorr   .            (no gloves)
SInv    .            (no boots)
Will    .....        (no amulet)
Stlth   +            (no ring)
HPRegen 0.25/turn    (no ring)
MPRegen 0.08/turn

%: no passive effects
@: glowing
A: horns 2, retaliatory headbutt
a: no special abilities


You were on level 3 of the Dungeon.
You visited 1 branch of the dungeon, and saw 3 of its levels.

You collected 67 gold pieces.

Inventory:

Hand Weapons
 a - a +0 short sword
 m - a +1 short sword of draining
 u - a +0 short sword of venom (weapon)
Armour
 b - a +0 robe (worn)
 d - an orb of light (worn)
Jewellery
 n - a ring of flight
 q - a +6 ring of strength
Scrolls
 e - 2 scrolls of poison {unknown}
 f - a scroll of teleportation {unknown}
 h - a scroll of brand weapon {unknown}
 i - 2 scrolls of noise {unknown}
 j - 3 scrolls of identify {unknown}
 k - a scroll of enchant armour {unknown}
 l - a scroll of amnesia {unknown}
 p - a scroll of acquirement {unknown}
 r - a scroll of blinking {unknown}
 s - 2 scrolls of revelation {unknown}
Potions
 c - a potion of ambrosia
 g - a potion of enlightenment {unknown}
 o - a potion of resistance {unknown}
 t - a potion of attraction {unknown}


   Skills:
 + Level 4.0 Fighting
 + Level 3.7 Short Blades
 + Level 1.5 Armour
 + Level 3.6 Dodging
 + Level 1.1 Invocations


You had 2 spell levels left.
You didn't know any spells.
Your spell library contained the following spells:

 Spells                   Type           Power      Damage    Failure   Level
 Sandblast                Erth           0%         2d4       43%         1
 Ensorcelled Hibernation  Hex/Ice        0%         N/A       56%         2
 Passwall                 Tmut/Erth      0%         N/A       56%         2
 Call Canine Familiar     Summ           0%         N/A       80%         3
 Inner Flame              Hex/Fire       0%         N/A       80%         3
 Portal Projectile        Hex/Tloc       0%         N/A       80%         3
 Stone Arrow              Conj/Erth      0%         3d7       80%         3
 Swiftness                Air            0%         N/A       80%         3
 Flame Wave               Conj/Fire      0%         2d4       99%         4
 Leda's Liquefaction      Hex/Erth       0%         N/A       99%         4
 Sticky Flame             Conj/Fire      0%         2d3       99%         4


Dungeon Overview and Level Annotations

Branches:
Dungeon (3/15)

Altars:
Elyvilon
Yredelemnul


Innate Abilities, Weirdness & Mutations

You have a pair of horns on your head.
You reflexively headbutt those who attack you in melee.


Message History

Key pressed, stopping explore.
An endoplasm comes into view.
An orc priest, an orc wizard and 3 orcs come into view.
Found a scroll labelled MADOSIBATZ.
The endoplasm quivers.
The orc shouts!
The orc priest shouts!
The orc shouts!
You hit the endoplasm.
The endoplasm is moderately wounded.
You hear the slow rusting of a very distant drain.
You hit the endoplasm but do no damage.
The endoplasm is moderately wounded.
The endoplasm hits you.
You hit the endoplasm.
You kill the endoplasm!
The orc priest calls down the wrath of Beogh upon you.
Beogh smites you!
Found a scroll labelled SUTIJY KOIJICH.
Found a white marble altar of Elyvilon.
You hit the orc but do no damage.
The orc is poisoned.
You headbutt the orc, but do no damage. The orc hits you with a +0 dagger.
The orc hits you with a +0 hand axe.
You are too injured to fight recklessly!
You are too injured to fight recklessly!
You are too injured to fight recklessly!
You are too injured to fight recklessly!
You are too injured to fight recklessly!
You are too injured to fight recklessly!
You are too injured to fight recklessly!
You are too injured to fight recklessly!
You are too injured to fight recklessly!
You are too injured to fight recklessly!
You are too injured to fight recklessly!
You are too injured to fight recklessly!
You are too injured to fight recklessly!
You are too injured to fight recklessly!
You are too injured to fight recklessly!
You are too injured to fight recklessly!
You are too injured to fight recklessly!
The orc priest calls down the wrath of Beogh upon you.
Beogh smites you!
You die...

....# #.######.#
.#..# #.# #.#
.#..# #.# #.#
.#..#####.######.#
.......>......##.#
.#..###.#.###.##.#
....# #.#.# #.#
##..# #.#.# #.#
...# #.#.. #@####
##.## #.### #..oo#
#. #.# #.#oo...#
#. #.# #.........
... ..≈≈≈≈≈≈≈≈
##.≈o......
#.≈.§≈≈§≈.
#.≈.≈...≈. #.
.≈._?≈.


You could see an orc priest, an orc wizard and 3 orcs.

Vanquished Creatures
  A dart slug (D:1)
  5 ball pythons (D:1)
  2 endoplasms
  2 giant cockroaches (D:1)
  5 goblins
  3 hobgoblins
  6 kobolds
  2 quokkas (D:1)
  8 bats
  7 rats
41 creatures vanquished.

Notes
Turn   | Place    | Note
-------+----------+-------------------------------------------
     0 | D:1      | Anon1729 the Minotaur Monk began the quest for the Orb.
     0 | D:1      | Reached XP level 1. HP: 19/19 MP: 0/0
   122 | D:1      | Reached XP level 2. HP: 18/27 MP: 1/1
   229 | D:1      | Reached skill level 1 in Armour
   330 | D:1      | Reached skill level 4 in Fighting
   331 | D:1      | Reached XP level 3. HP: 18/33 MP: 2/2
   400 | D:1      | Reached skill level 1 in Invocations
   583 | D:1      | Found a faded altar of an unknown god.
  1107 | D:2      | Found a basalt altar of Yredelemnul.
  1507 | D:3      | Found a white marble altar of Elyvilon.
  1509 | D:3      | Killed from afar by an orc priest

Illustrated notes

Levels and vault maps discovered:
D:1:      dpeg_arrival_boxorama, layout_rooms,
          dilly_ecumenical_altar_fadedgnrine, st_stairs_12
D:2:      layout_loops_cross, basic_altar, kennysheep_generic_room_5
D:3:      layout_basic, mainiacjoe_overflow_concentric_impassable,
          mainiacjoe_overflow_24_doors, serial_shops, shop,
          gup_sewer_entry_bowl, uniq_natasha

Skill      XL: |  1  2  3 |
---------------+----------+-----
Armour         | 1 |  1.5
Fighting       | 4 |  4.0
Invocations    | 1 |  1.1
Short Blades   | |  3.7
Dodging        | |  3.6

Action                     || total
---------------------------++-------
  Melee: Short sword       ||    82
         Headbutt          ||    11
 Armour: Robe              ||    18
  Dodge: Dodged            ||    48

Table legend: (Time is in decaauts)
 A = Elapsed time spent in this place.
 B = Non-inter-level travel time spent in this place.
 C = Inter-level travel time spent in this place.
 D = Time resting spent in this place.
 E = Time spent auto-exploring this place.
 F = Levels seen in this place.
 G = Mean time per level.
                   A        B        C        D        E       F      G
               +--------+--------+--------+--------+--------+-----+--------+
         Total |   1492 |   1356 |    136 |      0 |   1164 |   3 |  497.3 |
       Dungeon |   1492 |   1356 |    136 |      0 |   1164 |   3 |  497.3 |
               +--------+--------+--------+--------+--------+-----+--------+

Top non-repeatable levels by time:
     D:1: 769 daAuts
     D:2: 669 daAuts
     D:3: 54 daAuts
